Map: Apotheosis LE

Players

retnuh

  • Race: Zerg Zerg

Nickos - Winner!

  • Race: Terran Terran
  • League: Gold

VOD

Have the link to the VOD?

Description

Time

  • Played on: Oct. 3, 2016, 12:23 a.m.
  • Length: 15:25
Show
View Real Time Build Order
Export as new Build Order

retnuh Zerg 

Build Orders: Hatch First 

Get SALT Encoding   

  12  0:01  Drone  
  13  0:10  Drone  
  14  0:16  Overlord  
  14  0:24  Drone, Extractor  
  15  0:34  Drone x2  
  17  0:59  Hatchery  
  17  1:01  Drone x2  
  18  1:15  Spawning Pool  
  17  1:19  Drone  
  17  1:24  Overlord  
  18  1:29  Drone  
  19  1:44  Drone  
  20  2:03  Drone x2  
  20  2:05  Queen  
  24  2:11  Queen  
  24  2:14  Drone x2  
  28  2:32  Drone x2  
  28  2:36  Drone x2  
  32  2:43  Hatchery  
  31  2:50  Drone x2  
  33  2:55  Overlord  
  33  2:57  Overlord  
  33  2:59  Queen  
  35  3:10  Drone, Extractor  
  35  3:12  Extractor  
  34  3:14  Extractor  
  34  3:15  Extractor  
  32  3:32  Drone  
  32  3:33  Drone x8  
  41  3:43  Queen  
  41  3:45  Overlord x2  
  43  3:53  Evolution Chamber  
  43  3:55  Evolution Chamber  
  41  3:58  Zergling x2  
  42  4:10  Extractor  
  42  4:11  Extractor  
  40  4:23  Drone  
  40  4:24  Drone x6  
  43  4:25  Drone x2  
  49  4:39  Zerg Melee Weapons Level 1, Zerg Ground Armor Level 1  
  49  4:40  Lair  
  49  4:54  Drone x6  
  55  5:20  Drone  
  55  5:21  Drone x6  
  59  5:22  Drone  
  63  5:56  Infestation Pit  
  62  5:58  Drone x7  
  62  5:59  Drone x3  
  72  6:04  Overlord x4  
  72  6:05  Overlord x2  
  72  6:20  Hatchery  
  72  6:21  Extractor  
  72  6:22  Extractor  
  68  6:39  Hive  
  68  6:41  Zerg Melee Weapons Level 2, Zerg Ground Armor Level 2  
  68  6:52  Zergling x18  
  68  6:53  Zergling x18  
  86  6:58  Metabolic Boost  
  86  7:33  Overlord  
  86  7:34  Overlord x3  
  86  7:41  Drone x4  
  86  7:42  Drone x4  
  86  7:43  Drone  
  95  7:57  Ultralisk Cavern  
  94  8:07  Overlord x3  
  94  8:08  Overlord x3  
  94  8:24  Ultralisk Cavern, Zergling x2  
  94  8:25  Zergling x26  
  104  8:49  Zergling x2  
  104  8:51  Ultralisk x4  
  104  8:52  Ultralisk  
  134  8:56  Chitinous Plating  
  134  8:58  Zergling x6  
  137  9:03  Overlord  
  75  9:39  Drone  
  75  9:40  Drone x5  
  81  10:04  Hatchery  
  80  10:11  Hatchery  
  67  10:26  Ultralisk x3  
  67  10:27  Zergling x8  
  89  10:33  Overseer  
  89  10:37  Zergling x4  
  90  11:04  Drone  
  90  11:05  Drone x5  
  90  11:08  Queen  
  98  11:14  Zerg Ground Armor Level 3  
  98  11:17  Zerg Melee Weapons Level 3  
  98  11:23  Drone  
  98  11:24  Drone x2  
  101  11:27  Drone x2  
  103  11:38  Adrenal Glands  
  98  12:02  Drone x3  
  98  12:03  Drone x9  
  110  12:35  Ultralisk x5  
  110  12:36  Overlord  
  140  13:03  Ultralisk x3  
  158  13:10  Hatchery  
  158  13:11  Extractor  
  156  13:13  Extractor  
  149  13:38  Extractor  
  148  13:47  Spire  
  148  13:48  Spire  
  146  14:02  Drone x2  
  148  14:03  Drone x4  
  152  14:12  Queen  
  154  14:37  Ultralisk x3  
  172  14:38  Overlord  
  172  14:39  Overlord x4  
  172  15:05  Zergling x2  
  172  15:06  Zergling x46  
  172  15:07  Zergling x6  
Show
View Real Time Build Order
Export as new Build Order

Nickos Terran - Winner!

Build Orders: MMM Bio 

Get SALT Encoding   

  12  0:01  SCV  
  13  0:13  SCV  
  14  0:18  Supply Depot  
  14  0:25  SCV  
  15  0:39  SCV  
  15  0:41  Barracks  
  16  0:52  SCV  
  17  1:08  SCV  
  18  1:20  SCV  
  19  1:29  Command Center  
  19  1:30  Marine  
  20  1:35  Orbital Command  
  20  1:51  Marine  
  20  1:54  Supply Depot  
  21  1:58  Barracks  
  21  2:00  SCV  
  22  2:10  Marine  
  23  2:16  Barracks  
  23  2:25  Refinery  
  23  2:27  Refinery  
  23  2:32  SCV  
  23  2:33  Marine  
  25  2:44  SCV  
  26  2:47  Orbital Command  
  26  2:51  Marine  
  27  2:52  Marine  
  27  2:58  SCV  
  29  3:04  Barracks Tech Lab  
  29  3:10  Marine  
  30  3:15  Supply Depot  
  30  3:16  SCV x2  
  30  3:18  Marine  
  32  3:28  SCV x2  
  32  3:30  Bunker  
  32  3:31  Marine x2  
  32  3:34  Stimpack  
  36  3:43  Factory, SCV  
  37  3:50  Barracks Reactor  
  37  3:51  Barracks Reactor  
  37  3:53  Marine  
  38  4:00  Supply Depot  
  38  4:08  SCV x2  
  40  4:10  Marine  
  40  4:11  Supply Depot  
  41  4:20  SCV x2  
  43  4:27  Marine x3  
  43  4:28  Marine  
  43  4:29  Marauder  
  43  4:30  Starport  
  49  4:32  SCV  
  49  4:37  Supply Depot  
  50  4:44  Marine  
  51  4:47  Supply Depot, SCV x2  
  51  4:50  Marine x2  
  51  4:51  Marine x2  
  57  5:02  Marine  
  57  5:03  Supply Depot  
  57  5:06  SCV x2  
  60  5:11  Supply Depot  
  60  5:14  Marine  
  60  5:15  Marine  
  60  5:17  Engineering Bay x2, Marine  
  60  5:18  SCV  
  60  5:19  Marine, SCV  
  66  5:22  Factory Reactor  
  66  5:25  Marine  
  67  5:29  Starport Reactor  
  67  5:33  SCV x2  
  69  5:36  Supply Depot  
  69  5:39  Supply Depot  
  69  5:42  Marine  
  70  5:44  Marine  
  70  5:45  Marine, SCV  
  73  5:50  Marine  
  73  5:51  Marine  
  73  5:55  Terran Infantry Weapons Level 1  
  75  5:58  Terran Infantry Armor Level 1  
  75  6:04  Supply Depot  
  75  6:09  Widow Mine x2  
  79  6:11  Marine x3  
  79  6:12  Marine  
  83  6:19  Supply Depot  
  83  6:23  SCV  
  83  6:24  SCV  
  83  6:25  Medivac  
  87  6:26  Medivac  
  89  6:36  Supply Depot, SCV  
  89  6:38  Marine x3  
  89  6:39  Marine  
  93  6:43  Widow Mine, Marine  
  93  6:44  Widow Mine  
  98  6:56  Marine  
  98  6:57  Medivac x2  
  98  6:59  Supply Depot  
  98  7:00  Marine  
  98  7:01  Marine  
  105  7:04  Supply Depot  
  105  7:08  SCV x2  
  107  7:10  Barracks  
  107  7:11  Marine x2  
  107  7:13  Combat Shields  
  107  7:14  Marine  
  110  7:16  Widow Mine  
  110  7:18  Widow Mine  
  110  7:22  Marine  
  115  7:25  SCV x2  
  117  7:30  Marine  
  117  7:31  Marine x2  
  120  7:45  Widow Mine, Medivac  
  120  7:46  Marine x2  
  120  7:48  Marine, SCV  
  120  7:49  SCV  
  129  7:53  Command Center  
  129  8:01  SCV x2  
  131  8:07  Armory  
  131  8:13  SCV  
  131  8:14  SCV  
  133  8:20  Marine x3  
  133  8:21  Marine x2  
  138  8:48  Marine x2  
  138  8:49  Marine x2  
  138  8:50  SCV x2  
  144  9:02  SCV  
  143  9:10  Marine  
  143  9:11  Marine x4  
  143  9:13  Terran Infantry Weapons Level 2, Terran Infantry Armor Level 2  
  126  9:28  Marine x2  
  126  9:29  Marine x3  
  131  9:33  Medivac  
  131  9:34  Medivac  
  109  9:43  SCV x2  
  110  9:46  Marine x3  
  114  9:55  Widow Mine x2  
  116  10:05  Barracks x2  
  116  10:06  Planetary Fortress  
  116  10:08  Barracks  
  116  10:09  SCV  
  116  10:10  SCV  
  116  10:14  Barracks, Marine x4  
  118  10:16  Marauder  
  124  10:22  SCV x2  
  126  10:32  Marine x3  
  126  10:34  SCV  
  110  10:50  Marine x4  
  110  10:51  Liberator, Marine  
  103  11:05  Barracks Tech Lab x4  
  103  11:09  Marine x3  
  111  11:11  Marauder  
  111  11:19  SCV  
  111  11:20  SCV x2  
  111  11:25  Command Center, Barracks  
  114  11:26  Barracks  
  114  11:27  Barracks  
  114  11:29  Barracks  
  114  11:31  Barracks, Supply Depot  
  114  11:37  Marine x3  
  114  11:38  Marine x2  
  119  11:42  Liberator x2  
  119  11:46  Supply Depot  
  111  11:49  Marine  
  111  11:50  Marine x2  
  97  11:56  Marine x2  
  97  11:57  Marine  
  97  11:58  Marine  
  97  11:59  Marine x2  
  106  12:08  Marine x3  
  104  12:12  Marine  
  104  12:14  Marine x2  
  104  12:15  Marine  
  111  12:22  Marine  
  111  12:23  Marine  
  111  12:24  Marauder x2  
  111  12:26  Marauder  
  111  12:27  SCV, Marauder x2  
  111  12:28  SCV  
  124  12:37  Marine  
  124  12:38  Barracks x2, Marine x2  
  124  12:39  Barracks  
  124  12:41  Barracks  
  127  12:45  Barracks x2  
  127  12:46  Marine x3, Barracks, Marauder x2  
  127  12:48  Marauder x2  
  140  12:55  Marine  
  140  12:56  Marine x2  
  136  13:14  Marine x2, SCV x3  
  136  13:15  Marauder, Marine  
  136  13:16  Marauder x3  
  131  13:21  Marine  
  131  13:22  Marine x2  
  124  13:32  Marine  
  110  13:37  Marauder  
  110  13:40  Marine x2  
  110  13:41  Marine x3  
  115  13:45  Marauder x2  
  115  13:46  Marauder  
  123  13:57  Orbital Command  
  123  13:58  Marauder  
  123  14:00  Orbital Command  
  123  14:01  Marine x3  
  123  14:02  Barracks Tech Lab  
  128  14:07  Marauder x2  
  132  14:10  Marauder  
  134  14:25  SCV x2  
  134  14:29  Marine x3  
  134  14:30  Marauder  
  134  14:31  Marauder x2  
  145  14:47  Marine x3  
  148  14:56  Marauder  
  148  14:59  Marine x3  
Tags
 
Composition
MMM Bio
League
Gold
Matchup
TvZ
Replay Pack
Nickos replay
Add a new tag
Caveats
  • Supply blocks, unpowered buildings, or Contaminate may cause inaccurate times.
  • Supply counts are checked every 10 seconds.